 Dungeon Crawl Stone Soup version 0.29.1-12-g30fa7ad0bf (webtiles) character file.

Game seed: 8600543228898710272

14 Mitcholas the Shield-Bearer (level 2, -1/19 HPs)
             Began as a Gargoyle Fighter on Jan 16, 2023.
             Slain by a jackal (2 damage)
             ... on level 1 of the Dungeon.
             The game lasted 00:00:14 (36 turns).

Mitcholas the Shield-Bearer (Gargoyle Fighter)        Turns: 36, Time: 00:00:14

Health: -1/19      AC:  9    Str: 19    XL:     2   Next: 41%
Magic:  2/2        EV:  9    Int:  8    God:
Gold:   0          SH:  4    Dex:  9    Spells: 1/1 levels left

rFire   . . .      SeeInvis .   a - +0 war axe
rCold   . . .      Faith    .   c - +0 buckler
rNeg    + . .      Spirit   .   b - +0 scale mail
rPois   ∞          Reflect  .   (no helmet)
rElec   +          Harm     .   (no cloak)
rCorr   .          Rampage  .   (no gloves)
Will    .....                   (no boots)
Stlth   ..........              (no amulet)
HPRegen 0.06/turn               (no ring)
MPRegen 0.08/turn               (no ring)

@: no status effects
A: sickness immunity, AC +2, negative energy resistance 1, electricity
resistance, torment resistance 1, petrification resistance
a: no special abilities


You were on level 1 of the Dungeon.
You visited 1 branch of the dungeon, and saw 1 of its levels.

Inventory:

Hand Weapons
 a - a +0 war axe (weapon)
Armour
 b - a +0 scale mail (worn)
 c - a +0 buckler (worn)
Jewellery
 e - a +6 ring of strength
Potions
 d - a potion of might


   Skills:
 - Level 3.2 Fighting
 + Level 2.7 Axes
 - Level 3.2 Armour
 - Level 3.2 Shields


You had one spell level left.
You didn't know any spells.
Your spell library was empty.

Dungeon Overview and Level Annotations

Branches:
Dungeon (1/15)

Altars:


Innate Abilities, Weirdness & Mutations

You are immune to sickness and miasma.
Your stone body is resilient. (AC +2)
You are immune to poison.
You resist negative energy. (rN+)
You are resistant to electric shocks. (rElec)
You are resistant to unholy torment.
You are immune to petrification.


Message History

You are too injured to fight recklessly!
You are too injured to fight recklessly!
You are too injured to fight recklessly!
You are too injured to fight recklessly!
You are too injured to fight recklessly!
You are too injured to fight recklessly!
You are too injured to fight recklessly!
You are too injured to fight recklessly!
You are too injured to fight recklessly!
A rat comes into view.
The endoplasm freezes you.
You are frozen.
The frilled lizard bites you but does no damage.
The ball python hisses angrily.
You hit the endoplasm.
The endoplasm is heavily wounded.
You hit the goblin.
You kill the goblin!
The endoplasm hits you but does no damage.
You block the quokka's attack.
You hit the endoplasm.
The endoplasm is severely wounded.
You barely miss the quokka. The endoplasm freezes you.
You are frozen.
* * * LOW HITPOINT WARNING * * *
The quokka bites you.
* * * LOW HITPOINT WARNING * * *
The endoplasm completely misses you. You block the quokka's attack.
You slash the endoplasm!
You kill the endoplasm!
You slash the quokka!
You kill the quokka!
You barely miss the frilled lizard.
The jackal bites you but does no damage.
The frilled lizard barely misses you.
You barely miss the jackal. You miss the frilled lizard.
The jackal bites you but does no damage.
The frilled lizard closely misses you. The jackal bites you.
You die...

....)......#...........#
..).......#...........#
.##.....#..#.⌠...<...⌠.#
.....#.... #...........#
......... #...........#
......)†# ####..#..####
r.?..r†.# ..###...##
.......S## #.##.....#
....##.h@###.###....#
... #..l...#.# #....# #
#......#.###....#
#................#
...................#
..#############....# ...
#....# ## #....# #....#


You could see a jackal, a ball python, a frilled lizard and a rat.

Vanquished Creatures
  A dart slug (D:1)
  An endoplasm (D:1)
  A goblin (D:1)
  4 jackals (D:1)
  A kobold (D:1)
  A quokka (D:1)
9 creatures vanquished.

Notes
Turn   | Place    | Note
-------+----------+-------------------------------------------
     0 | D:1      | Mitcholas the Gargoyle Fighter began the quest for the Orb.
     0 | D:1      | Reached XP level 1. HP: 14/14 MP: 1/1
    29 | D:1      | Reached XP level 2. HP: 15/19 MP: 2/2
    36 | D:1      | Slain by a jackal

Illustrated notes

Levels and vault maps discovered:
D:1:      dpeg_arrival_arbitrary_c, layout_rooms, ebering_ecumenical_altar_hall

Skill      XL: |  1 |
---------------+----+-----
Axes           | 2 |  2.7
Fighting       | |  3.2
Armour         | |  3.2
Shields        | |  3.2

Action                   || total
-------------------------++-------
Melee: War axe           ||    12
Armor: Scale mail        ||    14
Dodge: Dodged            ||     8
Block: Buckler           ||     2
